 Dungeon Crawl Stone Soup version 0.27-a0-1242-ge70438ac7b (webtiles) character file.

Game seed: 17427655937708966914

343912 Delamore the Warrior (level 23, -6/196 HPs)
             Began as a Formicid Fighter on June 8, 2021.
             Was an Initiate of Gozag.
             Mangled by a phantasmal warrior (24 damage)
             ... on level 5 of the Vaults.
             The game lasted 01:10:21 (58420 turns).

Delamore the Warrior (Formicid Fighter)            Turns: 58420, Time: 01:10:21

Health: -6/196     AC: 25    Str: 25      XL:     23   Next: 7%
Magic:  23/23      EV: 10    Int: 11 (12) God:    Gozag
Gold:   235        SH: 28    Dex: 10      Spells: 22/22 levels left

rFire    + . .     SeeInvis +   x - +10 lance "Wyrmbane" {slay drac, rPois rF+ rC+ AC+3}
rCold    + + +     Faith    .   s - +2 tower shield
rNeg     + + +     Spirit   .   Q - +1 plate armour {rPois}
rPois    +         Reflect  +   (helmet unavailable)
rElec    +         Harm     .   Y - +1 cloak {rC+}
rCorr    .         Rampage  .   (no gloves)
Will     +++..     NoCast   +   e - +0 pair of boots "Ammu" {-Cast rElec rC+ Slay+2}
Stlth    ..........             P - amulet of reflection
HPRegen  0.42/turn              R - ring of Trepidation {rN+ Slay+3}
MPRegen  0.18/turn              d - ring "Bogek" {rN++ Will+ Str-2}

@: gold aura, studying Staves
A: permanent stasis, dig shafts and tunnels, antennae 3, four strong arms
}: 2/15 runes: decaying, serpentine
a: Dig, Shaft Self, Renounce Religion, Potion Petition, Call Merchant, Bribe
Branch


You were on level 5 of the Vaults.
You worshipped Gozag.
Gozag was aware of your devotion.
You visited 7 branches of the dungeon, and saw 37 of its levels.
You visited the Abyss 1 time.
You also visited: Bailey and Ice Cave.

You collected 18966 gold pieces.
You spent 5006 gold pieces at shops.
You paid 13725 gold pieces to Gozag.

Inventory:

Hand Weapons
 x - the +10 lance "Wyrmbane" (weapon) {slay drac, rPois rF+ rC+ AC+3}
   (You bought it in a shop on level 9 of the Dungeon)

   It affects your AC (+3).
   It protects you from fire.
   It protects you from cold.
   It protects you from poison.
 C - a +0 bardiche
Missiles
 a - 6 silver javelins (quivered)
 v - 72 poisoned darts
 B - 9 throwing nets
 F - 50 boomerangs
 X - 17 curare-tipped darts
Armour
 e - the +0 pair of boots "Ammu" (worn) {-Cast rElec rC+ Slay+2}
   (You acquired it on level 1 of the Dungeon)

   It affects your accuracy and damage with ranged weapons and melee attacks
   (+2).
   It protects you from cold.
   It insulates you from electricity.
   It prevents spellcasting.
 s - a +2 tower shield (worn)
 Q - a +1 plate armour of poison resistance (worn)
 Y - a +1 cloak of cold resistance (worn)
Jewellery
 d - the ring "Bogek" (right hand) {rN++ Will+ Str-2}
   (You bought it in a shop on level 12 of the Dungeon)

   [ring of willpower]

   It affects your strength (-2).
   It greatly protects you from negative energy.
   It increases your willpower.
 f - a ring of resist corrosion
 h - a ring of protection from cold
 n - the ring of Paisos {rPois EV+4}
   (You found it on level 2 of the Dungeon)

   [ring of evasion]

   It affects your evasion (+4).
   It protects you from poison.
 P - an amulet of reflection (around neck)
 R - the ring of Trepidation (left hand) {rN+ Slay+3}
   (You found it on level 5 of the Lair of Beasts)

   [ring of positive energy]

   It affects your accuracy and damage with ranged weapons and melee attacks
   (+3).
   It protects you from negative energy.
 U - a ring of protection from fire
 W - an amulet of regeneration
Wands
 k - a wand of digging (22)
 p - a wand of iceblast (11)
 w - a wand of polymorph (31)
 y - a wand of flame (90)
 K - a wand of mindburst (27)
 Z - a wand of acid (42)
Scrolls
 b - 4 scrolls of fog
 c - 16 scrolls of identify
 j - 2 scrolls of summoning
 r - 2 scrolls of silence
 z - 4 scrolls of enchant armour
 G - 7 scrolls of noise
 I - 3 scrolls of magic mapping
 L - 3 scrolls of immolation
 O - 6 scrolls of brand weapon
 T - 3 scrolls of amnesia
 V - 3 scrolls of enchant weapon
Potions
 g - a potion of cancellation
 i - 10 potions of mutation
 m - 13 potions of attraction
 o - 4 potions of heal wounds
 q - 7 potions of brilliance
 u - 14 potions of curing
 A - 2 potions of ambrosia
 D - 3 potions of invisibility
 H - 7 potions of might
 J - a potion of magic
 M - 3 potions of resistance
 N - 6 potions of flight


   Skills:
 - Level 20.0 Fighting
 - Level 20.0 Polearms
 + Level 14.7 Throwing
 - Level 15.0 Armour
 - Level 7.4 Dodging
 - Level 17.2 Shields
 - Level 12.8 Evocations


You had 22 spell levels left.
You didn't know any spells.
Your spell library contained the following spells:

 Spells                   Type           Power      Damage    Failure   Level
 Animate Skeleton         Necr           0%         N/A       95%         1
 Beastly Appendage        Tmut           0%         N/A       95%         1
 Corona                   Hex            0%         N/A       95%         1
 Foxfire                  Conj/Fire      0%         2x1d4     95%         1
 Freeze                   Ice            0%         1d3       95%         1
 Magic Dart               Conj           0%         1d3       95%         1
 Pain                     Necr           0%         1d4       95%         1
 Sting                    Tmut/Pois      0%         1d3       95%         1
 Summon Small Mammal      Summ           0%         N/A       95%         1
 Call Imp                 Summ           0%         N/A       98%         2
 Corpse Rot               Necr/Air       N/A        N/A       98%         2
 Ensorcelled Hibernation  Hex/Ice        0%         N/A       98%         2
 Poisonous Vapours        Pois/Air       0%         N/A       98%         2
 Searing Ray              Conj           0%         3d3       98%         2
 Sublimation of Blood     Necr           0%         N/A       98%         2
 Wereblood                Tmut           0%         N/A       98%         2
 Call Canine Familiar     Summ           0%         N/A       100%        3
 Confusing Touch          Hex            0%         N/A       100%        3
 Conjure Flame            Conj/Fire      0%         6-21      100%        3
 Dazzling Flash           Conj/Hex       0%         N/A       100%        3
 Frozen Ramparts          Ice            0%         1d2       100%        3
 Gell's Gravitas          Tloc           0%         N/A       100%        3
 Ignite Poison            Fire/Tmut/Pois 0%         N/A       100%        3
 Inner Flame              Hex/Fire       0%         N/A       100%        3
 Mephitic Cloud           Conj/Pois/Air  0%         N/A       100%        3
 Ozocubu's Armour         Ice            0%         N/A       100%        3
 Portal Projectile        Hex/Tloc       0%         N/A       100%        3
 Spider Form              Tmut/Pois      0%         N/A       100%        3
 Stone Arrow              Conj/Erth      0%         3d7       100%        3
 Summon Guardian Golem    Hex/Summ       0%         N/A       100%        3
 Tukima's Dance           Hex            0%         N/A       100%        3
 Vampiric Draining        Necr           0%         2d6       100%        3
 Cause Fear               Hex            0%         N/A       100%        4
 Fulminant Prism          Conj/Hex       0%         3d6       100%        4
 Hailstorm                Conj/Ice       0%         3d3       100%        4
 Ice Form                 Ice/Tmut       0%         N/A       100%        4
 Iskenderun's Mystic Bla  Conj/Tloc      0%         2d3       100%        4
 Olgreb's Toxic Radiance  Pois           0%         N/A       100%        4
 Passage of Golubria      Tloc           N/A        N/A       100%        4
 Sticky Flame             Conj/Fire      0%         2d3       100%        4
 Summon Ice Beast         Ice/Summ       0%         N/A       100%        4
 Summon Lightning Spire   Summ/Air       0%         N/A       100%        4
 Bolt of Magma            Conj/Fire/Erth 0%         4d4       100%        5
 Fireball                 Conj/Fire      0%         3d3       100%        5
 Irradiate                Conj/Tmut      0%         3d13      100%        5
 Iskenderun's Battlesphe  Conj           0%         2d6       100%        5
 Manifold Assault         Tloc           0%         N/A       100%        5
 Metabolic Englaciation   Hex/Ice        0%         N/A       100%        5
 Silence                  Hex/Air        0%         N/A       100%        5
 Summon Forest            Summ/Tloc      0%         N/A       100%        5
 Yara's Violent Unravell  Hex/Tmut       0%         3d3       100%        5
 Blade Hands              Tmut           0%         N/A       100%        6
 Conjure Ball Lightning   Conj/Air       0%         3x3d6     100%        6
 Dispersal                Tloc           0%         N/A       100%        6
 Eringya's Noxious Bog    Tmut/Pois      0%         N/A       100%        6
 Iron Shot                Conj/Erth      0%         9d1       100%        6
 Statue Form              Tmut/Erth      0%         N/A       100%        6
 Dragon Form              Tmut           0%         N/A       100%        7
 Orb of Destruction       Conj           0%         N/A       100%        7
 Spellforged Servitor     Conj/Summ      0%         N/A       100%        7
 Storm Form               Tmut/Air       0%         N/A       100%        7
 Summon Hydra             Summ           0%         N/A       100%        7
 Discord                  Hex            0%         N/A       100%        8
 Disjunction              Tloc           0%         N/A       100%        8
 Tornado                  Air            0%         N/A       100%        9


Dungeon Overview and Level Annotations

Branches:
Dungeon (15/15)            Temple (1/1) D:7            Lair (6/6) D:8
  Swamp (4/4) Lair:2        Snake (4/4) Lair:4        Slime (0/5) Lair:5
    Orc (2/2) D:10            Elf (0/3) Orc:2        Vaults (5/5) D:14
  Crypt (0/3) Vaults:3     Depths (0/5) D:15         Bailey (visited)
  IceCv (visited)

Altars:
Ashenzari
Cheibriados
Dithmenos
Elyvilon
Fedhas
Gozag
Hepliaklqana
Kikubaaqudgha
Makhleb
Nemelex Xobeh
Okawaru
Qazlal
Ru
Sif Muna
Trog
Uskayaw
Vehumet
Wu Jian
Xom
Yredelemnul
Zin
The Shining One
Beogh

Shops:
D:5 :   D:8 ?   D:9 ((   D:10 ?[   D:12 =   D:13 !   D:14 *?*   Orc:2 !**(
Lair:4 ?   Snake:1 =?   Vaults:1 *   Vaults:2 =   Vaults:3 (


Innate Abilities, Weirdness & Mutations

You cannot be hasted, slowed, berserked, paralysed or teleported.
You can dig through walls and to a lower floor.
You have a pair of large antennae on your head. (SInv)
Your four strong arms can wield two-handed weapons with a shield.


Message History

The vault guard explodes!
The fiery explosion engulfs the ironbound preserver!!
Flame seeps out of the ironbound preserver.
The ironbound preserver is severely wounded.
The fiery explosion engulfs the vault guard but does no damage.
The vault guard is heavily wounded.
The fiery explosion engulfs the yaktaur captain!!
Flame seeps out of the yaktaur captain.
The yaktaur captain is almost dead.
The fiery explosion engulfs you!! You resist.
* * * LOW HITPOINT WARNING * * *
You are engulfed in blazing flames.
You resist.
You hear a horrible gurgling sound!
The deep elf sorcerer is distracted by your dazzling golden aura.
The ironbound preserver is engulfed in blazing flames.
Flame seeps out of the ironbound preserver.
The ironbound preserver hits you with a +0 great mace!!
* * * LOW HITPOINT WARNING * * *
The black bear is engulfed in blazing flames.
The vault guard is engulfed in blazing flames.
Flame seeps out of the vault guard.
You block the vault guard's attack.
The yaktaur captain is engulfed in blazing flames.
The yaktaur captain explodes!
The fiery explosion engulfs the ironbound preserver!!
The fiery explosion engulfs the vault guard!!
Flame seeps out of the vault guard.
The vault guard is severely wounded.
The ironbound preserver explodes!
The fiery explosion engulfs the deep elf sorcerer!!!
Flame seeps out of the deep elf sorcerer.
The deep elf sorcerer is severely wounded.
The deep elf sorcerer is no longer distracted by gold.
The deep elf sorcerer shouts!
The fiery explosion engulfs you! You resist.
* * * LOW HITPOINT WARNING * * *
A freezing wraith comes into view.
A tengu reaver comes into view.
It is wielding a +0 long sword and wearing a +2 buckler of poison resistance.
The phantasmal warrior hits you!!
You die...
Your body crumbles into a pile of gold.

$$ .#.#
#....#.#( )
.#.#..(..##..p
#. .#.#.........
#. p.C.$..$$...
$$
###c#$§§§.$...##
....p§§§§§.$..(.
.....e§§p<.$$...
.p.".§§@h§<.$...
.....§°CW<.$....
#####§°§...$.###


$$$$$$$ #.§§.§.$....# $$$$$$ .W(§)#..§☼#..# $$$$$ ##.§##..§)# #.. $$$ $ ##D
#..§(# . $ #Q #H.$.# #....# You could see 2 titans, a storm dragon, a sphinx
(inner flame), a tengu reaver, a yaktaur captain (inner flame), 3 vault guards,
a deep elf sorcerer (fast, inner flame), a vault sentinel, a phantasmal warrior
(inner flame), a freezing wraith and a black bear shaped shifter.

Vanquished Creatures
  A tentacled monstrosity (Vaults:4)
  Jorgrun (D:13)
  Rupert (Lair:4)
  A titan (Vaults:4)
  3 sphinxes
  A tentacled starspawn (Abyss:3)
  An Executioner (Abyss:3)
  Kirke (Lair:4)
  A tengu reaver (Vaults:5)
  A thorn hunter (Swamp:4)
  A storm dragon (Vaults:5)
  5 nagarajas
  The ghost of Modoan the Spry, a journeyman MfBe of Trog (D:11)
  2 frost giants
  An orc warlord (Orc:2)
  6 vault wardens
  A ghoul (Swamp:2)
  13 ironbound preservers
  2 stone giants
  10 very ugly things
  The ghost of Wecuhudie the Nimble, a journeyman GnWn of Ru (D:15)
  6 bunyips
  A deep elf demonologist (Vaults:2)
  5 dire elephants
  2 ettins
  2 eleionomae
  A deep elf death mage (Vaults:4)
  12 yaktaur captains
  21 vault guards
  4 salamander tyrants (Snake:4)
  28 hydras
  14 naga warriors
  4 boulder beetles
  8 ironbound thunderhulks
  15 alligators
  An ogre mage (D:14)
  A great orb of eyes (Vaults:1)
  An anaconda (shapeshifter) (Vaults:5)
  3 centaur warriors
  9 ironbound frosthearts
  9 anacondas
  2 catoblepae
  4 two-headed ogres
  14 death yaks
  2 death knights
  A deep troll shaman (Lair:6)
  8 ironbound beastmasters
  2 tengu warriors (D:15)
  Urug (D:11)
  2 thrashing horrors (Abyss:3)
  3 shock serpents
  An orc high priest (Orc:2)
  15 naga sharpshooters
  11 salamander mystics
  3 wretched stars (Abyss:3)
  6 skeletal warriors
  2 spriggan druids
  6 goliath frogs
  A glowing orange brain (Vaults:4)
  10 sea snakes
  28 deep trolls
  8 wizards
  12 naga ritualists
  11 lindwurms
  5 bog bodies
  A deep elf archer (D:14)
  Pikel (D:5)
  7 phantasmal warriors
  2 orc knights
  20 ironbound convokers
  10 harpies (Vaults:1)
  4 deep elf zephyrmancers (D:14)
  9 orc sorcerers
  11 swamp dragons
  The ghost of Kinoniko the Slicer, a novice SpBe of Trog (D:8)
  A deep elf pyromancer (D:14)
  3 cyclopes
  An oklob plant (Lair:4)
  2 manticores
  5 mana vipers
  15 salamanders
  4 will-o-the-wisps
  31 ugly things
  Maurice (D:8)
  23 naga magi
  10 elephants
  38 black mambas
  2 ice statues (IceCv)
  Joseph (D:9)
  5 guardian serpents
  16 vault sentinels
  3 unseen horrors
  14 cane toads
  A catoblepas skeleton (D:10)
  A kobold demonologist (D:11)
  25 yaktaurs
  3 rime drakes
  6 freezing wraiths
  9 komodo dragons
  A hydra zombie (D:10)
  3 ancient zymes (Abyss:3)
  An efreet (D:15)
  8 tyrant leeches
  5 trolls
  A slime creature (shapeshifter) (D:15)
  37 slime creatures
  A blink frog (shapeshifter) (D:14)
  5 hornets (Swamp:3)
  19 polar bears
  15 blink frogs
  12 raiju (Abyss:3)
  7 flying skulls (Abyss:3)
  4 shadows
  A wraith (D:14)
  2 ynoxinuls (Abyss:3)
  5 spriggans (Swamp:3)
  46 yaks
  Sigmund (D:3)
  5 wyverns
  2 neqoxecs (D:11)
  Grum (D:9)
  2 basilisks
  A chaos spawn (Abyss:3)
  2 hogs (Lair:4)
  Edmund (D:4)
  3 small abominations (Abyss:3)
  17 vampire mosquitoes
  9 swamp worms
  A two-headed ogre zombie (D:8)
  9 wargs
  41 nagas
  2 acid dragons
  2 tengu skeletons (D:9)
  3 large abominations (Abyss:3)
  17 water moccasins
  A floating eye (shapeshifter) (Vaults:5)
  25 orc warriors
  A black bear (D:5)
  An ogre skeleton (D:8)
  4 swamp drakes (Swamp:4)
  9 ice beasts
  A manticore zombie (D:8)
  9 necrophages
  15 centaurs
  10 ogres
  28 wolves
  3 boggarts (Vaults:2)
  An elf skeleton (D:7)
  A manticore skeleton (D:8)
  2 phantoms
  9 gnoll sergeants
  3 scorpions
  15 bullfrogs
  A wyvern zombie (D:7)
  A water moccasin zombie (Lair:1)
  A wyvern skeleton (D:7)
  3 cyclops skeletons
  A yak zombie (D:8)
  3 troll zombies (D:10)
  A water moccasin skeleton (D:5)
  4 killer bees (D:8)
  11 wights
  8 howler monkeys
  10 electric eels
  4 quasits (D:11)
  2 bullfrog skeletons
  14 centaur zombies
  5 hounds
  Crazy Yiuf (D:2)
  22 orc priests
  6 centaur skeletons
  6 gnoll shamans (Bailey)
  3 iguanas
  Ijyb (D:4)
  Terence (D:2)
  43 orc wizards
  Natasha (thrice) (D:2)
  2 hell rats (Lair:1)
  A killer bee zombie (D:8)
  6 ogre zombies
  3 mummies (D:11)
  A howler monkey zombie (D:8)
  21 gnolls
  An adder (D:6)
  A howler monkey skeleton (D:7)
  12 river rats (Lair:1)
  A river rat (shapeshifter) (Vaults:2)
  An ufetubus (D:7)
  2 worm zombies (D:8)
  An adder skeleton (D:8)
  2 worms
  A dart slug (D:1)
  91 orcs
  A bat (D:3)
  A bat zombie (D:10)
  2 endoplasms
  A giant cockroach (D:3)
  3 goblins
  8 hobgoblins
  11 jackals
  7 kobolds
  2 quokkas
  8 ball pythons
  3 gnoll skeletons (Bailey)
  A goblin skeleton (D:10)
  3 goblin zombies (D:10)
  2 hobgoblin skeletons (D:10)
  A hobgoblin zombie (D:10)
  A jackal skeleton (D:8)
  A kobold zombie (D:8)
  7 orc skeletons
  13 orc zombies (D:10)
  3 rats (D:2)
  A rat skeleton (D:7)
  2 rat zombies
1460 creatures vanquished.

Vanquished Creatures (collateral kills)
  A bullfrog (D:7)
1 creature vanquished.

Vanquished Creatures (others)
  A vault guard (Vaults:5)
  A wizard (Vaults:1)
  A naga mage (Snake:2)
  A torpor snail (shapeshifter) (Vaults:5)
  2 bloated husks (Swamp:1)
  17 foxfires
  33 fungi
  48 plants
  2 starspawn tentacles (Abyss:3)
  2 withered plants (D:11)
108 creatures vanquished.

Grand Total: 1569 creatures vanquished

Notes
Turn   | Place    | Note
-------+----------+-------------------------------------------
     0 | D:1      | Delamore the Formicid Fighter began the quest for the Orb.
     0 | D:1      | Reached XP level 1. HP: 18/18 MP: 1/1
   113 | D:1      | Reached XP level 2. HP: 24/24 MP: 2/2
   194 | D:1      | Identified a scroll of acquirement
   349 | D:1      | Acquired the +0 pair of boots "Ammu" {-Cast rElec rC+
                  | Slay+2}
   603 | D:1      | Reached XP level 3. HP: 30/30 MP: 3/3
   803 | D:2      | Noticed Terence
   807 | D:2      | Killed Terence
   819 | D:2      | Reached XP level 4. HP: 29/37 MP: 4/4
  1146 | D:2      | Found a glowing golden altar of the Shining One.
  1203 | D:2      | Found a runed translucent door.
  1204 | D:2      | Noticed Crazy Yiuf
  1380 | D:2      | Noticed Natasha
  1390 | D:2      | Killed Natasha
  1515 | D:2      | Identified the ring of Paisos {rPois EV+4}
  1655 | D:2      | Noticed Natasha
  1661 | D:2      | Killed Natasha
  1662 | D:2      | Reached XP level 5. HP: 40/43 MP: 5/5
  1687 | D:2      | Noticed Natasha
  1694 | D:2      | Killed Natasha
  1869 | D:2      | Killed Crazy Yiuf
  2012 | D:3      | Noticed Sigmund
  2027 | D:4      | Reached XP level 6. HP: 49/49 MP: 6/6
  2125 | D:3      | Killed Sigmund
  2126 | D:3      | Reached skill level 5 in Fighting
  2126 | D:3      | Reached skill level 5 in Polearms
  2224 | D:3      | Found a faded altar of an unknown god.
  2327 | D:3      | Became a worshipper of Kikubaaqudgha
  2327 | D:3      | Reached * piety under Kikubaaqudgha
  2327 | D:3      | Identified Kikubaaqudgha's Grimoire of Evil (Kikubaaqudgha
                  | gifted it to you on level 3 of the Dungeon)
  2327 | D:3      | Received a gift from Kikubaaqudgha
  2756 | D:4      | Noticed Edmund
  2775 | D:4      | Killed Edmund
  2776 | D:4      | Reached XP level 7. HP: 32/56 MP: 7/7
  3207 | D:4      | Noticed Ijyb
  3226 | D:4      | Killed Ijyb
  3737 | D:5      | Entered Level 5 of the Dungeon
  3813 | D:5      | Identified the +1 pair of boots of Pemuim {*Corrode rC-
                  | Will+ Str+4 Dex+3}
  3992 | D:5      | Reached XP level 8. HP: 62/62 MP: 8/8
  4241 | D:5      | Noticed Pikel
  4256 | D:5      | Killed Pikel
  4456 | D:5      | Found Suumeiw's Book Shoppe.
  4538 | D:5      | Found a sacrificial altar of Ru.
  4604 | D:5      | Reached skill level 10 in Polearms
  4604 | D:5      | Reached XP level 9. HP: 34/68 MP: 9/9
  5390 | D:5      | Reached ** piety under Kikubaaqudgha
  6126 | D:7      | Found a staircase to the Ecumenical Temple.
  6151 | Temple   | Entered the Ecumenical Temple
  6192 | Temple   | Fell from the grace of Kikubaaqudgha
  6192 | Temple   | Became a worshipper of Gozag Ym Sagoz the Greedy
  6338 | D:7      | Found a flagged portal.
  6345 | Bailey   | Entered a bailey
  6884 | Bailey   | Reached XP level 10. HP: 74/74 MP: 10/10
  6958 | Bailey   | Reached XP level 11. HP: 63/79 MP: 11/11
  7416 | Bailey   | Identified the +3 leather armour of the Griffon {Drain
                  | Int+5 Slay+2}
  8285 | D:7      | Identified the +1 ring mail of Focus {*Slow Int+3 Dex+9}
  8918 | D:8      | Reached skill level 5 in Armour
  9520 | D:8      | Found Bonaodec's Magic Scroll Emporium.
  9522 | D:8      | Noticed Maurice
  9529 | D:8      | Killed Maurice
  9580 | D:8      | Bought a scroll of fog for 30 gold pieces
  9580 | D:8      | Bought a scroll of noise for 15 gold pieces
  9580 | D:8      | Bought a scroll of identify for 30 gold pieces
  9580 | D:8      | Bought a scroll of identify for 30 gold pieces
  9690 | D:8      | Found a staircase to the Lair.
 10076 | D:8      | Found a runed translucent gate.
 10077 | D:8      | Noticed Kinoniko's ghost (novice SpBe)
 10077 | D:8      | Found a runed translucent gate.
 10077 | D:8      | Found a runed translucent gate.
 10141 | D:9      | Noticed Joseph
 10227 | D:9      | Killed Joseph
 10669 | D:9      | Noticed Grum
 10679 | D:9      | Killed Grum
 10839 | D:9      | Noticed a two-headed ogre
 10848 | D:9      | Killed a two-headed ogre
 11439 | D:10     | Entered Level 10 of the Dungeon
 11451 | D:10     | Found a staircase to the Orcish Mines.
 11806 | D:10     | Noticed a two-headed ogre
 11845 | D:9      | Killed a two-headed ogre
 11846 | D:9      | Reached XP level 12. HP: 68/92 MP: 12/12
 12288 | D:10     | Reached skill level 10 in Shields
 12981 | D:10     | Noticed a two-headed ogre
 12986 | D:10     | Killed a two-headed ogre
 13473 | D:11     | Noticed a death knight
 13671 | Lair:1   | Entered Level 1 of the Lair of Beasts
 13804 | Lair:1   | Noticed a seven-headed hydra
 13828 | Lair:1   | Killed a seven-headed hydra
 14565 | Lair:1   | Noticed a seven-headed hydra
 14596 | D:8      | Killed a seven-headed hydra
 15271 | Lair:1   | Was forgiven by Kikubaaqudgha
 15598 | Lair:1   | Reached XP level 13. HP: 84/103 MP: 13/13
 15714 | Lair:2   | Found a staircase to the Swamp.
 15722 | Lair:2   | Reached skill level 10 in Fighting
 16339 | Lair:2   | Reached skill level 10 in Armour
 16470 | Lair:2   | Found a sacrificial altar of Ru.
 16885 | D:9      | Bought the +8 lance "Wyrmbane" {slay drac, rPois rF+ rC+
                  | AC+3} for 1212 gold pieces
 16885 | D:9      | Found the +8 lance "Wyrmbane" {slay drac, rPois rF+ rC+
                  | AC+3}
 17132 | Lair:3   | Noticed a five-headed hydra
 17138 | Lair:3   | Killed a five-headed hydra
 17477 | Lair:4   | Noticed Rupert
 17943 | Lair:5   | Found a staircase to the Slime Pits.
 17949 | Lair:5   | Noticed an eight-headed hydra
 17957 | Lair:5   | Killed an eight-headed hydra
 18071 | Lair:5   | Reached skill level 15 in Shields
 18105 | Lair:5   | Noticed a five-headed hydra
 18117 | Lair:5   | Killed a five-headed hydra
 18118 | Lair:5   | Reached skill level 1 in Throwing
 18195 | Lair:5   | Noticed a seven-headed hydra
 18203 | Lair:5   | Killed a seven-headed hydra
 18204 | Lair:5   | Reached XP level 14. HP: 86/110 MP: 9/14
 18468 | Lair:5   | Identified the ring of Trepidation {rN+ Slay+3}
 18997 | Lair:6   | Entered Level 6 of the Lair of Beasts
 19355 | Lair:6   | Identified the +2 ring mail "Fyiniob" {rElec rF+ rCorr}
 19394 | Lair:6   | Reached skill level 5 in Throwing
 20466 | Lair:6   | Reached XP level 15. HP: 113/122 MP: 13/15
 21437 | Lair:4   | Found a blossoming altar of Fedhas.
 21657 | Lair:4   | You fall into a shaft and drop 2 floors!
 21709 | Lair:4   | Killed Rupert
 21761 | Lair:4   | Noticed Kirke
 21776 | Lair:4   | Killed Kirke
 21795 | Lair:4   | Found a staircase to the Snake Pit.
 22474 | Orc:1    | Entered Level 1 of the Orcish Mines
 22479 | D:10     | Bought a scroll of enchant armour for 142 gold pieces
 22516 | Orc:1    | Found Qocwink's Antique Armour Boutique.
 22542 | Orc:1    | Found Vaocuruw's Book Shoppe.
 22935 | Orc:2    | Entered Level 2 of the Orcish Mines
 23314 | Orc:2    | Reached skill level 10 in Throwing
 23422 | Orc:2    | Found Nainy's Assorted Antiques.
 23470 | Orc:2    | Bought a wand of paralysis (9) for 52 gold pieces
 23475 | Orc:2    | Found Siz Ciug's Distillery.
 23507 | Orc:2    | Bought a potion of curing for 45 gold pieces
 23507 | Orc:2    | Bought a potion of curing for 45 gold pieces
 23507 | Orc:2    | Bought a potion of degeneration for 15 gold pieces
 23733 | Orc:2    | Noticed an orc warlord
 23792 | Orc:2    | Killed an orc warlord
 24518 | Orc:2    | Found Owoa's Weapon Shoppe.
 24546 | Orc:2    | Found Riruwk's Assorted Antiques.
 24554 | Orc:2    | Reached skill level 15 in Fighting
 24655 | Orc:2    | Found a staircase to the Elven Halls.
 24861 | D:11     | Reached skill level 1 in Evocations
 25035 | D:11     | Reached XP level 16. HP: 128/136 MP: 16/16
 25598 | D:11     | Noticed Modoan's ghost (journeyman MfBe)
 25621 | D:11     | Found a transporter.
 25672 | D:11     | Found a transporter.
 25806 | D:11     | Noticed Urug
 25826 | D:11     | Killed Urug
 26828 | D:12     | Reached skill level 5 in Evocations
 27193 | D:13     | Found a frozen archway.
 27220 | IceCv    | Entered an ice cave
 27741 | IceCv    | Noticed a frost giant
 27775 | IceCv    | Killed a frost giant
 28311 | D:13     | Noticed Jorgrun
 28323 | D:13     | Killed Jorgrun
 28984 | D:13     | Bought a potion of curing for 39 gold pieces
 28984 | D:13     | Bought a potion of curing for 39 gold pieces
 28984 | D:13     | Bought a potion of curing for 39 gold pieces
 28984 | D:13     | Bought a potion of might for 52 gold pieces
 29488 | D:15     | Entered Level 15 of the Dungeon
 29875 | D:14     | Found an opulent altar of Gozag.
 30129 | D:14     | Reached XP level 17. HP: 81/142 MP: 11/17
 30525 | D:14     | Found a gate to the Vaults.
 31142 | D:15     | Found a runed translucent door.
 31142 | D:15     | Noticed Wecuhudie's ghost (journeyman GnWn)
 31665 | D:15     | Found a staircase to the Depths.
 31699 | D:15     | Reached skill level 10 in Evocations
 31929 | D:15     | Killed Wecuhudie's ghost
 32105 | Swamp:1  | Entered Level 1 of the Swamp
 34440 | Swamp:3  | Reached skill level 15 in Armour
 34780 | Swamp:3  | Reached XP level 18. HP: 147/151 MP: 16/18
 35333 | Swamp:4  | Entered Level 4 of the Swamp
 36729 | Swamp:4  | Identified the +10 mace of Uwugru {elec, rF- rCorr Int-2
                  | Dex+6}
 37163 | Swamp:4  | Got a decaying rune of Zot
 37548 | Snake:1  | Entered Level 1 of the Snake Pit
 37554 | Lair:4   | Bought a scroll of enchant armour for 135 gold pieces
 37554 | Lair:4   | Bought a scroll of magic mapping for 63 gold pieces
 37554 | Lair:4   | Bought a scroll of magic mapping for 63 gold pieces
 38894 | Snake:1  | Found Suwowny's Magic Scroll Shoppe.
 38899 | Snake:1  | Found Owkualae's Jewellery Emporium.
 39056 | Snake:1  | Bought a scroll of acquirement for 832 gold pieces
 39056 | Snake:1  | Bought a scroll of acquirement for 832 gold pieces
 39056 | Snake:1  | Acquired a manual of Polearms
 39057 | Snake:1  | Acquired 468 gold pieces
 39068 | Snake:1  | Bought an amulet of reflection for 420 gold pieces
 39714 | Snake:2  | Reached XP level 19. HP: 163/166 MP: 19/19
 39722 | Snake:2  | Reached skill level 15 in Polearms
 41613 | Snake:2  | Found an ancient bone altar of Kikubaaqudgha.
 43103 | Snake:4  | Entered Level 4 of the Snake Pit
 43766 | Snake:4  | Identified the +1 robe of Death Resistance {-Cast Str+2
                  | Dex+3}
 44053 | Snake:4  | Reached XP level 20. HP: 162/176 MP: 20/20
 44951 | Snake:4  | Got a serpentine rune of Zot
 45355 | Vaults:1 | Entered Level 1 of the Vaults
 46360 | Vaults:1 | Reached skill level 1 in Dodging
 46499 | Vaults:1 | Found Xionock's General Store.
 47543 | Vaults:1 | Reached XP level 21. HP: 139/183 MP: 21/21
 48191 | Vaults:2 | Found Catsix's Jewellery Shoppe.
 48666 | Vaults:2 | Cast into level 3 of the Abyss (a wizard)
 49162 | Abyss:3  | Noticed a bone dragon
 49168 | Abyss:3  | Reached skill level 5 in Dodging
 49171 | Vaults:2 | Escaped the Abyss
 51888 | Vaults:3 | Reached XP level 22. HP: 190/190 MP: 22/22
 52024 | Vaults:3 | Found a staircase to the Crypt.
 52024 | Vaults:3 | Found a basalt altar of Yredelemnul.
 52024 | Vaults:3 | Found an ancient bone altar of Kikubaaqudgha.
 52139 | Vaults:3 | Found Rihot's Weapon Shop.
 55213 | D:8      | Killed Kinoniko's ghost
 55450 | D:11     | Killed Modoan's ghost
 55636 | Orc:2    | Bought a potion of mutation for 256 gold pieces
 55809 | D:14     | Bought a scroll of magic mapping for 84 gold pieces
 55917 | D:12     | Bought the ring "Bogek" {rN++ Will+ Str-2} for 536 gold
                  | pieces
 56236 | Vaults:5 | Entered Level 5 of the Vaults
 58352 | Vaults:4 | Reached XP level 23. HP: 179/196 MP: 23/23
 58420 | Vaults:5 | Mangled by a phantasmal warrior

Illustrated notes

Levels and vault maps discovered:
D:1:      minmay_arrival_four_loops, layout_basic
D:2:      layout_loops_ring, basic_altar, minivault_5, uniq_crazy_yiuf_cottage,
          uniq_natasha, uniq_terence
D:3:      layout_loops_cross, ebering_ecumenical_altar_hall, uniq_sigmund
D:4:      layout_basic, serial_bayou_pond_a, uniq_ijyb, uniq_edmund
D:5:      layout_gridville, general_overflow_altar, serial_shops, shop,
          uniq_pikel
D:6:      layout_cave_pools
D:7:      layout_loops_ring, temple_pool_b, enter_bailey_2,
          chequers_ossuary_entry_cave, amethyst_killhole,
          chequers_serial_rivers_large_b
D:8:      layout_loops_corners, lair_entry_dummy, serial_shops, shop,
          biasface_ghost_orc_armoury, uniq_maurice
D:9:      layout_loops_ring, uniq_joseph, uniq_grum
D:10:     layout_basic, zombieorc2_lemuel
D:11:     layout_cave_pools, gammafunk_ghost_stat_death, serial_undead,
          serial_undead_d, serial_undead_f, serial_undead_b, serial_undead_e,
          serial_undead_e, serial_undead_e, serial_undead_f, serial_undead_d,
          uniq_urug
D:12:     layout_grid_maze
D:13:     layout_basic, portal_ice_cave_entry_ice_beasts, uniq_jorgrun
D:14:     layout_irregular_city, hangedman_vaults_entry_quadrant_bands,
          kennysheep_nub, corexii_checkpoint_a, grunt_decor_mini_mirrors,
          grunt_gozag_breadcrumbs
D:15:     grunt_enter_depths_snipers, layout_basic,
          hellmonk_ghost_happy_afterlife, minivault_26
Temple:   kilobyte_greek_temple
Lair:1:   layout_cave_shapes, kennysheep_rathole
Lair:2:   layout_roguey, minmay_swamp_entry_eels, basic_altar
Lair:3:   layout_big_grid, ldierk_geyser, beast_lair_carwin_9
Lair:4:   layout_regular_city, minmay_snake_entry_six_corridors, tgw_fedhas,
          serial_bayou_shore_b, uniq_kirke, uniq_rupert
Lair:5:   layout_layer_cave, slime_dummy, infiniplex_staircase_pool_2
Lair:6:   grunt_lair_end_beastmaster, layout_gridlike, pond, grunt_megastairs_3
Swamp:1:  layout_basic_swamp, nicolae_swamp_dense_foliage
Swamp:2:  layout_falls_marsh, hangedman_swamp_cone, swamp_pool3, ldierk_geyser
Swamp:3:  layout_basic_swamp, serial_swamp_ruin, evilmike_swamp_ruin_rubble_2,
          evilmike_swamp_ruin_house_1, evilmike_swamp_ruin_house_4, swamp_pool1
Swamp:4:  swamp_alternative, layout_basic_swamp
Snake:1:  nrook_guardian_serpent_snake_passage, layout_basic, st_stairs_12,
          minmay_shoptagon
Snake:2:  layout_onion, basic_altar, nicolae_snake_magic_snake_eye
Snake:3:  layout_cave_shapes, st_stairs_2, lemuel_fruit_tree
Snake:4:  snake_pit, layout_layer_cave, serial_bayou_pond_b, serial_bayou_pond_b
Orc:1:    layout_caves, serial_shops, shop, shop
Orc:2:    st_orc_town, layout_caves, kennysheep_orc_chapel
Vaults:1: nicolae_vaults_ring_of_whatevers, hangedman_vaults_impose,
          ontoclasm_vaults_idyll, v_rooms_5, v_misc_11,
          ontoclasm_vaults_ring_small, vaults_room_fancy_cross,
          nicolae_vaults_triangles, nicolae_vaults_network_periphery,
          v_alt_pattern_2, hangedman_vaults_cutoff, vaults_room_pool,
          nicolae_vaults_shelves_hall, layout_vaults_ring, serial_shops, shop
Vaults:2: vaults_standard_mumra_x, nicolae_vaults_theta, v_misc_2,
          dpeg_vaults_monster_row, ontoclasm_vaults_ring_small,
          layout_vaults_omnigrid, serial_shops, shop
Vaults:3: minmay_crypt_entry_necro_gods, v_misc_23,
          nicolae_vaults_little_squares_2, hangedman_vaults_locks,
          vaults_room_semicircle, vaults_mumra_chevron,
          hangedman_vaults_river_flow, nicolae_vaults_little_squares_5,
          v_rooms_6, vaults_dpeg_doors, grunt_vaults_hallway_short,
          layout_vaults_omnicross, serial_shops, shop
Vaults:4: st_smaller_cells, grunt_vaults_twisty, ontoclasm_vaults_ring_square,
          vaults_mumra_minichess_inversion, v_misc_26,
          nicolae_vaults_little_squares_3, vaults_room_pool, v_pattern_3,
          v_rooms_4, nicolae_vaults_little_squares_3,
          hangedman_vaults_stretched_pinwheel, v_misc_9, layout_vaults_omnibox,
          serial_glass
Vaults:5

Skill      XL: |  1  2  3  4  5  6  7  8  9 10 11 12 13 14 15 16 17 18 19 20 21 22 |
---------------+-------------------------------------------------------------------+-----
Polearms       | 3 4 6 7 10 14 18 20 | 20.0
Fighting       | 4 5 8 9 10 12 15 16 19 20 | 20.0
Shields        | 8 9 11 15 16 17 | 17.2
Armour         | 7 9 10 12 15 | 15.0
Throwing       | 2 7 10 11 14 | 14.7
Evocations     | 1 8 10 12 | 12.8
Dodging        | 3 6 7 |  7.4

Action                   |  1- 3 |  4- 6 |  7- 9 | 10-12 | 13-15 | 16-18 | 19-21 | 22-24 || total
-------------------------+-------+-------+-------+-------+-------+-------+-------+-------++-------
Melee: Trident           |    49 |   101 |   253 |   844 |   117 |       |       |       ||  1364
       Lance             |       |       |       |       |  1254 |  1915 |  2006 |   744 ||  5919
Throw: Dart              |       |       |       |     6 |     3 |       |       |       ||     9
       Boomerang         |       |       |       |       |       |    36 |   129 |     1 ||   166
       Javelin           |       |       |       |       |       |       |       |    15 ||    15
Invok: Call Merchant     |       |       |       |     2 |     2 |     3 |     2 |     1 ||    10
       Potion Petition   |       |       |       |     1 |     1 |       |       |     2 ||     4
 Abil: Dig               |       |       |     8 |    16 |    11 |    14 |     6 |       ||    55
Evoke: Wand              |       |       |       |    10 |     7 |       |       |       ||    17
  Use: Scroll            |     2 |     4 |     8 |     8 |     5 |     3 |     1 |     6 ||    37
       Potion            |       |       |     3 |     1 |     1 |       |     1 |     7 ||    13
 Stab: Paralysed         |       |       |       |     5 |       |       |       |       ||     5
       Distracted        |       |       |       |     5 |     5 |    10 |     9 |     2 ||    31
       Petrified         |       |       |       |       |     7 |       |       |       ||     7
Armor: Scale mail        |    17 |    26 |    27 |       |       |       |       |       ||    70
       Plate armour      |       |       |    54 |   146 |   152 |   403 |   267 |   153 ||  1175
Dodge: Dodged            |    20 |    24 |    92 |   130 |   135 |   187 |   142 |    82 ||   812
Block: Kite shield       |    26 |    34 |   122 |    61 |       |       |       |       ||   243
       Tower shield      |       |       |       |   378 |   608 |  1117 |  1307 |   627 ||  4037
       Reflection        |       |       |       |       |       |    15 |   122 |    17 ||   154

Table legend: (Time is in decaauts)
 A = Elapsed time spent in this place.
 B = Non-inter-level travel time spent in this place.
 C = Inter-level travel time spent in this place.
 D = Time resting spent in this place.
 E = Time spent auto-exploring this place.
 F = Levels seen in this place.
 G = Mean time per level.
                   A        B        C        D        E       F      G
               +--------+--------+--------+--------+--------+-----+--------+
         Total |  55670 |  51752 |   3918 |  11072 |  31714 |  40 | 1391.8 |
       Dungeon |  20514 |  18426 |   2088 |   4408 |  11102 |  15 | 1367.6 |
        Temple |     81 |     50 |     31 |      0 |      0 |   1 |   81.0 |
          Lair |   7440 |   7008 |    432 |    698 |   5230 |   6 | 1240.0 |
         Swamp |   5338 |   5178 |    160 |   1568 |   2885 |   4 | 1334.5 |
     Snake Pit |   6797 |   6552 |    245 |    454 |   4893 |   4 | 1699.2 |
  Orcish Mines |   2223 |   2009 |    214 |    292 |   1243 |   2 | 1111.5 |
        Vaults |  10560 |   9813 |    747 |   3009 |   5176 |   5 | 2112.0 |
         Abyss |    405 |    405 |      0 |     77 |     31 |   1 |  405.0 |
        Bailey |   1398 |   1398 |      0 |    561 |    524 |   1 | 1398.0 |
      Ice Cave |    911 |    911 |      0 |      2 |    629 |   1 |  911.0 |
               +--------+--------+--------+--------+--------+-----+--------+

Top non-repeatable levels by time:
Vaults:3: 3549 daAuts
     D:8: 2701 daAuts
Vaults:1: 2544 daAuts
    D:10: 2497 daAuts
Vaults:2: 2483 daAuts
 Snake:2: 2078 daAuts
  Lair:6: 2066 daAuts
Vaults:4: 1944 daAuts
    D:14: 1834 daAuts
 Snake:4: 1787 daAuts
   Orc:2: 1650 daAuts
 Swamp:2: 1642 daAuts
     D:9: 1632 daAuts
     D:5: 1619 daAuts
 Snake:1: 1547 daAuts
